Map: Abyssal Reef LE

Players

AdminA

  • Race: Protoss Protoss
  • Spawn Location: 11:00

ObiWanPwnobi - Winner!

  • Race: Protoss Protoss
  • Spawn Location: 5:00

Event: WCS Montreal 2017

VOD

Have the link to the VOD?

Description

Time

  • Played on: Sept. 8, 2017, 1:01 p.m.
  • Length: 14:46

All games in this series

Show
View Real Time Build Order
Export as new Build Order

AdminA Protoss 

Build Orders: Zealot Archon 

Get SALT Encoding   

  12  0:01  Probe (Chrono Boost)  
  13  0:11  Probe (Chrono Boost)  
  14  0:20  Pylon  
  14  0:22  Probe (Chrono Boost)  
  15  0:38  Probe (Chrono Boost)  
  15  0:41  Gateway  
  16  0:44  Assimilator  
  16  0:48  Probe (Chrono Boost)  
  17  0:52  Assimilator  
  17  1:00  Probe (Chrono Boost)  
  18  1:11  Gateway  
  18  1:15  Probe (Chrono Boost)  
  19  1:26  Probe (Chrono Boost)  
  19  1:29  Cybernetics Core  
  20  1:34  Pylon  
  20  1:36  Probe (Chrono Boost)  
  22  1:47  Probe (Chrono Boost)  
  22  1:57  Probe (Chrono Boost)  
  23  2:05  Stalker x2  
  27  2:15  Warp Gate (Chrono Boost), Pylon  
  27  2:21  Probe (Chrono Boost)  
  28  2:35  Stalker  
  32  2:37  Mothership Core (Chrono Boost)  
  31  2:53  Nexus  
  31  2:57  Stalker  
  33  3:03  Probe (Chrono Boost)  
  34  3:14  Probe  
  35  3:26  Probe  
  36  3:30  Twilight Council  
  36  3:38  Probe  
  37  3:43  Robotics Facility  
  37  3:51  Probe  
  37  3:54  Pylon  
  38  4:08  Probe  
  38  4:09  Sentry  
  41  4:13  Stalker  
  41  4:14  Probe  
  44  4:17  Blink (Chrono Boost)  
  44  4:20  Probe  
  44  4:24  Probe  
  45  4:32  Probe  
  45  4:35  Probe  
  45  4:37  Observer (Chrono Boost)  
  48  4:42  Stalker  
  48  4:44  Probe  
  51  4:46  Probe  
  51  4:48  Stalker  
  54  4:56  Probe x2  
  56  5:07  Probe  
  56  5:08  Probe  
  56  5:09  Gateway  
  56  5:11  Gateway  
  58  5:16  Stalker  
  58  5:17  Probe, Assimilator  
  58  5:20  Assimilator, Probe  
  62  5:30  Pylon  
  62  5:34  Pylon  
  62  5:45  Pylon  
  62  5:46  Probe  
  62  5:48  Probe, Stalker, Observer  
  62  5:49  Stalker  
  69  5:51  Pylon  
  69  5:52  Pylon  
  69  5:57  Probe  
  69  6:00  Probe  
  70  6:06  Charge (Chrono Boost)  
  70  6:07  Probe  
  70  6:12  Probe  
  70  6:13  Stalker x3  
  70  6:18  Probe  
  77  6:21  Immortal (Chrono Boost)  
  82  6:29  Zealot  
  82  6:30  Probe  
  82  6:32  Probe  
  85  6:36  Pylon  
  86  6:43  Zealot x2  
  86  6:44  Zealot  
  92  6:49  Probe x2, Templar Archives  
  94  7:00  Immortal (Chrono Boost)  
  98  7:08  Probe  
  99  7:09  Zealot x3  
  105  7:16  Pylon  
  105  7:21  Probe  
  106  7:27  Gateway  
  106  7:28  Probe, Gateway  
  106  7:35  High Templar x3  
  113  7:40  Archon  
  109  7:54  High Templar  
  109  7:57  Nexus  
  111  8:08  Gateway  
  111  8:09  Warp Prism (Chrono Boost)  
  111  8:10  Gateway  
  113  8:14  Archon  
  113  8:15  High Templar x2, Gateway  
  113  8:16  Pylon  
  117  8:22  Pylon  
  117  8:24  Pylon  
  117  8:29  Pylon  
  117  8:35  High Templar x2  
  117  8:36  Archon  
  117  8:37  Zealot x2  
  117  8:39  Archon  
  125  8:51  Probe  
  125  8:52  Zealot x2  
  130  9:17  Zealot x5  
  130  9:18  Zealot  
  142  9:38  Zealot x4  
  146  9:39  Zealot x5  
  118  10:00  High Templar  
  118  10:01  High Templar x2  
  118  10:02  High Templar  
  118  10:05  Archon  
  118  10:10  Probe  
  118  10:11  Probe  
  112  10:19  High Templar x2  
  112  10:20  High Templar  
  106  10:21  Probe  
  101  10:29  Probe  
  101  10:31  Probe  
  95  10:36  High Templar, Archon  
  95  10:41  Probe  
  96  10:44  Probe, Zealot x5  
  96  10:45  Archon  
  107  10:51  Assimilator x2  
  107  10:55  High Templar x2  
  111  11:02  Zealot  
  111  11:03  Archon  
  113  11:20  High Templar x2  
  117  11:30  Zealot x5  
  125  11:40  Nexus  
  125  11:42  Pylon  
  125  11:43  Pylon  
  125  11:46  High Templar x2  
  129  11:52  Archon  
  129  11:53  Probe  
  129  11:54  Probe, Archon  
  127  12:02  Pylon  
  127  12:04  High Templar x2  
  127  12:06  Probe  
  130  12:08  Archon  
  130  12:09  Zealot x4  
  130  12:10  Probe  
  130  12:12  Forge  
  130  12:14  Forge  
  139  12:17  Zealot  
  141  12:26  High Templar x2, Immortal (Chrono Boost)  
  141  12:27  Probe x2  
  141  12:28  Probe  
  152  12:30  Archon  
  152  12:31  Zealot x3  
  152  12:32  Zealot  
  152  12:34  Pylon  
  160  12:37  Probe  
  160  12:43  Robotics Facility  
  159  12:51  High Templar  
  159  12:52  High Templar, Zealot x2  
  159  12:54  Pylon  
  159  12:56  Archon  
  167  13:05  Zealot x3  
  173  13:08  High Templar x2  
  177  13:12  Archon  
  177  13:14  Warp Prism (Chrono Boost)  
  179  13:22  Probe  
  177  13:37  Assimilator  
  177  13:38  Assimilator  
  177  13:40  High Templar x2  
  177  13:41  High Templar  
  181  13:42  Zealot x6  
  181  13:44  Archon  
  193  14:06  Probe  
  184  14:19  High Templar x4  
  184  14:20  Zealot x2  
  184  14:21  Zealot x2  
  200  14:24  Archon x2  
Show
View Real Time Build Order
Export as new Build Order

ObiWanPwnobi Protoss - Winner!

Build Orders: Oracle Opening 

Get SALT Encoding   

  12  0:01  Probe (Chrono Boost)  
  13  0:11  Probe (Chrono Boost)  
  14  0:17  Pylon  
  14  0:22  Probe (Chrono Boost)  
  15  0:35  Probe (Chrono Boost)  
  16  0:38  Gateway  
  16  0:46  Probe (Chrono Boost)  
  16  0:47  Assimilator  
  17  0:52  Assimilator  
  17  0:56  Probe (Chrono Boost)  
  18  1:07  Probe (Chrono Boost)  
  19  1:12  Gateway  
  19  1:17  Probe (Chrono Boost)  
  20  1:27  Cybernetics Core  
  20  1:29  Probe (Chrono Boost)  
  21  1:37  Pylon  
  21  1:42  Probe (Chrono Boost)  
  22  1:52  Probe (Chrono Boost)  
  23  2:03  Probe (Chrono Boost)  
  23  2:04  Adept x2  
  23  2:06  Warp Gate  
  28  2:19  Mothership Core (Chrono Boost)  
  28  2:21  Pylon  
  30  2:35  Stargate  
  30  2:44  Stalker  
  32  2:52  Probe (Chrono Boost)  
  33  2:59  Pylon  
  33  3:02  Probe (Chrono Boost)  
  34  3:13  Probe (Chrono Boost)  
  34  3:18  Oracle (Chrono Boost)  
  34  3:31  Nexus  
  34  3:34  Probe  
  35  3:46  Probe (Chrono Boost)  
  36  3:48  Robotics Facility  
  36  3:58  Probe (Chrono Boost)  
  37  4:08  Probe (Chrono Boost), Sentry, Adept  
  42  4:14  Pylon  
  42  4:19  Probe (Chrono Boost)  
  43  4:29  Probe (Chrono Boost)  
  44  4:40  Probe, Immortal (Chrono Boost)  
  44  4:42  Void Ray (Chrono Boost)  
  44  4:43  Probe  
  54  4:53  Probe  
  54  4:59  Adept  
  57  5:03  Probe, Assimilator  
  58  5:08  Probe, Pylon  
  58  5:12  Assimilator  
  59  5:15  Probe  
  59  5:20  Probe  
  61  5:24  Immortal  
  65  5:31  Pylon  
  65  5:32  Probe (Chrono Boost)  
  66  5:36  Probe (Chrono Boost)  
  67  5:44  Probe (Chrono Boost)  
  67  5:47  Probe (Chrono Boost)  
  67  5:49  Void Ray  
  73  5:52  Pylon  
  73  5:54  Probe (Chrono Boost)  
  74  5:58  Probe (Chrono Boost)  
  75  6:07  Probe (Chrono Boost)  
  75  6:10  Immortal  
  80  6:15  Pylon  
  80  6:21  Probe (Chrono Boost)  
  80  6:22  Probe (Chrono Boost), Robotics Bay  
  82  6:32  Probe (Chrono Boost)  
  83  6:36  Pylon  
  83  6:37  Sentry  
  84  6:41  Adept  
  86  6:49  Immortal (Chrono Boost)  
  86  6:50  Pylon  
  86  6:54  Void Ray  
  94  7:01  Adept  
  94  7:02  Adept, Pylon  
  94  7:04  Probe (Chrono Boost)  
  99  7:08  Pylon  
  99  7:25  Nexus  
  99  7:27  Disruptor (Chrono Boost)  
  102  7:31  Pylon  
  102  7:36  Stargate  
  102  7:41  Probe  
  102  7:42  Void Ray (Chrono Boost)  
  103  7:48  Probe  
  108  7:56  Probe  
  109  8:00  Probe  
  109  8:01  Disruptor (Chrono Boost)  
  109  8:03  Protoss Air Weapons Level 1 (Chrono Boost)  
  113  8:08  Probe  
  113  8:10  Pylon  
  113  8:12  Probe  
  115  8:19  Void Ray (Chrono Boost), Forge  
  115  8:20  Probe  
  115  8:24  Probe  
  121  8:30  Assimilator, Pylon  
  121  8:32  Probe  
  122  8:34  Assimilator  
  122  8:39  Void Ray (Chrono Boost)  
  126  8:41  Probe  
  123  9:07  Disruptor  
  123  9:09  Void Ray (Chrono Boost)  
  130  9:14  Probe  
  130  9:15  Probe x2  
  131  9:20  Photon Cannon  
  131  9:21  Photon Cannon  
  131  9:23  Photon Cannon  
  130  9:34  Void Ray (Chrono Boost)  
  130  9:36  Probe  
  130  9:37  Probe  
  136  9:40  Photon Cannon  
  136  9:42  Disruptor  
  113  9:56  Adept x2  
  99  10:05  Pylon  
  93  10:16  Adept  
  93  10:17  Adept  
  93  10:20  Probe  
  93  10:22  Probe x2  
  95  10:31  Probe  
  95  10:34  Probe  
  97  10:36  Pylon  
  97  10:37  Pylon  
  97  10:40  Fleet Beacon  
  97  10:42  Stargate, Void Ray x2 (Chrono Boost)  
  105  10:46  Disruptor  
  105  10:47  Probe  
  109  10:53  Probe  
  109  11:06  Probe x2  
  109  11:10  Probe  
  111  11:13  Nexus  
  111  11:18  Probe x2, Pylon  
  114  11:21  Probe  
  115  11:30  Probe  
  116  11:35  Adept x2  
  116  11:36  Probe  
  121  11:47  Nexus  
  121  11:49  Pylon  
  121  11:50  Pylon  
  121  11:52  Carrier (Chrono Boost)  
  121  11:54  Pylon  
  127  11:55  Adept x2  
  127  11:58  Probe  
  127  12:00  Disruptor  
  135  12:10  Pylon  
  135  12:11  Gateway  
  135  12:12  Probe, Pylon  
  136  12:16  Phoenix x2 (Chrono Boost)  
  136  12:22  Probe  
  141  12:25  Assimilator  
  141  12:28  Probe  
  141  12:29  Probe  
  143  12:30  Assimilator  
  143  12:33  Protoss Air Weapons Level 2 (Chrono Boost)  
  147  12:39  Probe  
  147  12:40  Probe  
  149  12:48  Carrier  
  149  12:50  Carrier  
  161  13:06  Oracle  
  161  13:07  Pylon  
  161  13:09  Graviton Catapult  
  161  13:11  Sentry  
  161  13:12  Sentry  
  168  13:16  Probe  
  168  13:19  Probe  
  170  13:20  Probe  
  170  13:21  Probe  
  170  13:22  Pylon  
  172  13:27  Probe  
  172  13:31  Probe  
  172  13:32  Probe  
  175  13:40  Adept  
  177  13:42  Adept  
  177  13:43  Probe  
  177  13:45  Probe x2  
  188  14:00  Adept  
  187  14:05  Photon Cannon  
  199  14:17  Nexus  
  199  14:31  Pylon  
  194  14:39  Adept x3  
Tags
 
Add a new tag
Caveats
  • Supply blocks, unpowered buildings, or Contaminate may cause inaccurate times.
  • Supply counts are checked every 10 seconds.